 Dungeon Crawl Stone Soup version 0.19.5 (webtiles) character file.

45 tidbits the Slasher (level 3, -2/24 HPs)
             Began as a High Elf Skald on Nov 9, 2017.
             Slain by a quokka (4 damage)
             ... on level 3 of the Dungeon.
             The game lasted 00:06:11 (588 turns).

tidbits the Slasher (High Elf Skald)                 Turns: 588, Time: 00:06:12

Health: -2/24      AC:  4    Str: 10 (11) XL:     3   Next: 42%
Magic:  7/7        EV: 11    Int: 15 (17) God:
Gold:   33         SH:  0    Dex: 12 (14) Spells: 3 memorised, 2 levels left

rFire  . . .     SeeInvis .     a - +0 falchion
rCold  . . .     Gourm    .     b - +0 leather armour
rNeg   . . .     Faith    .     (no shield)
rPois  .         Spirit   .     E - +0 helmet
rElec  .         Reflect  .     (no cloak)
rCorr  .         Harm     .     (no gloves)
MR     .....                    (no boots)
Stlth  +.........               (no amulet)
                                (no ring)
                                (no ring)

@: no status effects
A: no striking features
a: no special abilities


You were on level 3 of the Dungeon.
You were not hungry.

You visited 1 branch of the dungeon, and saw 3 of its levels.

You collected 33 gold pieces.

Inventory:

Hand Weapons
 a - a +0 falchion (weapon)
 i - a +0 dagger of freezing
   (You took it off a kobold on level 1 of the Dungeon)
Missiles
 j - 16 stones (quivered)
Armour
 b - a +0 leather armour (worn)
 E - a +0 helmet (worn)
   (You found it on level 1 of the Dungeon)
Scrolls
 e - a scroll of recharging {unknown}
 k - a scroll of fog {unknown}
 o - a scroll of identify {unknown}
Potions
 m - a potion of lignification {unknown}
 n - a potion of brilliance {unknown}
Books
 c - a book of Battle

   Spells                             Type                      Level
   a - Infusion                       Charms                       1
   b - Shroud of Golubria             Charms/Translocation         2
   c - Song of Slaying                Charms                       2
   d - Spectral Weapon                Hexes/Charms                 3
   e - Regeneration                   Charms/Necromancy            3
Comestibles
 d - 2 bread rations
 f - a meat ration
 h - a slice of pizza


   Skills:
 - Level 2.0 Fighting
 - Level 4.6 Long Blades
 - Level 0.8 Armour
 - Level 1.1 Dodging
 + Level 2.5 Spellcasting
 - Level 3.6 Charms


You had 2 spell levels left.
You knew the following spells:

 Your Spells              Type           Power        Failure   Level  Hunger
g - Shroud of Golubria    Chrm/Tloc      #.........   24%         2    ###....
i - Infusion              Chrm           ##..         10%         1    #......
y - Song of Slaying       Chrm           ##......     12%         2    ###....


Dungeon Overview and Level Annotations

Branches:
Dungeon (3/15)

Altars:
Vehumet

Annotations:
D:3 Sigmund


Message History

The kobold shouts!
Casting: Infusion
Confirm with . or Enter, or press ? or * to list all spells.
You begin infusing your attacks with magical energy.
You closely miss the kobold. The kobold barely misses you.
You riposte.
You hit the kobold.
The kobold is severely wounded.
You hit the kobold.
You kill the kobold!
Okay, then.
You see here 3 gold pieces.
You now have 33 gold pieces (gained 3).
Your magical infusion is running out.
Found a scroll labeled FUOSSE LUAGE.
Found a stone staircase leading down.
A rat comes into view.
You are no longer magically infusing your attacks.
You see here a scroll labeled FUOSSE LUAGE.
o - a scroll labeled FUOSSE LUAGE
Casting: Infusion
Confirm with . or Enter, or press ? or * to list all spells.
You miscast Infusion.
You are very lightly contaminated with residual magic.
You closely miss the rat. The rat bites you but does no damage.
You hit the rat.
The rat is heavily wounded.
The rat bites you but does no damage.
You hit the rat.
You kill the rat!
An adder comes into view.
A goblin comes into view. It is wielding a club.
The goblin shouts!
You see here a rat corpse.
Casting: Infusion
Confirm with . or Enter, or press ? or * to list all spells.
You begin infusing your attacks with magical energy.
You hit the goblin.
You kill the goblin!
Your magical infusion is running out.
Your magical contamination has completely faded away.
Things that are here:
a club; a goblin corpse A worm comes into view.
Things that are here:
a club; a goblin corpse You are no longer magically infusing your attacks.
A rat comes into view.
The rat barely misses you.
You riposte.
You hit the rat.
You kill the rat!
You enter a teleport trap!
The teleport trap disappears.
Your surroundings suddenly seem different.
There is a stone staircase leading down here.
You climb downwards.
A hobgoblin, a kobold, 2 orcs and 2 orc wizards come into view.
The orc wizard shouts!
The orc shouts!
The orc wizard shouts!
The kobold shouts!
You hear an angry hiss.
Found 25 bolts and 8 gold pieces.
There is a stone staircase leading up here.
As you read the scroll labeled UXYOJ SASEOFI, it crumbles to dust.
You feel strangely unstable.
It was a scroll of teleportation.
The orc misses you.
An adder comes into view.
The orc hits you with a mace.
* * * LOW HITPOINT WARNING * * *
The orc wizard casts a cantrip, but nothing happens.
The kobold hits you with a whip.
* * * LOW HITPOINT WARNING * * *
Your surroundings seem slightly different.
A kobold comes into view. It is wielding a dagger.
The kobold shouts!
You see here 25 bolts.
As you read the scroll of teleportation, it crumbles to dust.
You feel strangely unstable.
Your surroundings suddenly seem different.
Sigmund the Dreaded comes into view.
He is wielding a scythe.
Sigmund shouts!
A frilled lizard comes into view.
The frilled lizard hisses angrily.
The frilled lizard bites you but does no damage.
Sigmund casts a spell at you. The magic dart hits you!
* * * LOW HITPOINT WARNING * * *
Found 9 gold pieces and a silvery potion.
A quokka comes into view.
The frilled lizard bites you.
* * * LOW HITPOINT WARNING * * *
Found a meat ration.
Found a stone staircase leading down.
The quokka closely misses you.
A dart slug comes into view.
You found a teleport trap!
The frilled lizard barely misses you. Sigmund looks at you with fury.
The quokka bites you.
* * * LOW HITPOINT WARNING * * *
There is a stone staircase leading down here.
It was a potion of degeneration.
There was something very wrong with that liquid.
You feel weakened.
You feel dopey.
You feel clumsy.
Sigmund gestures wildly while chanting.
Sigmund flickers and vanishes!
The quokka bites you.
You die...

#.....K..o
#.........#####....###
#.......... ....### #
......... ### #
#.......##... .
#............ #.
###.......##... ..
.##.............. ...
w...%...@......# ##.
........rl....## #.
..............##. ..
...!...^.........
.........{.....##
.....$.......###
..............#
..............#
..............#


You could see a quokka and a frilled lizard.

Vanquished Creatures
  An adder (D:2)
  A worm (D:2)
  A leopard gecko (D:2)
  A giant cockroach (D:1)
  2 goblins
  3 hobgoblins
  3 jackals (D:1)
  5 kobolds
  A quokka (D:2)
  4 bats
  3 frilled lizards (D:1)
  9 rats
34 creatures vanquished.

Notes
Turn   | Place    | Note
-------+----------+-------------------------------------------
     0 | D:1      | tidbits the High Elf Skald began the quest for the Orb.
     0 | D:1      | Reached XP level 1. HP: 14/14 MP: 4/4
    25 | D:1      | Reached skill level 3 in Long Blades
   160 | D:1      | Reached XP level 2. HP: 14/19 MP: 0/6
   164 | D:1      | Learned a level 2 spell: Song of Slaying
   167 | D:1      | Learned a level 2 spell: Shroud of Golubria
   373 | D:2      | Reached skill level 4 in Long Blades
   405 | D:2      | Reached XP level 3. HP: 14/24 MP: 0/7
   414 | D:2      | Found a radiant altar of Vehumet.
   579 | D:3      | Noticed Sigmund
   585 | D:3      | HP: 2/24 [quokka (3)]
   588 | D:3      | Slain by a quokka

Skill      XL: |  1  2 |
---------------+-------+-----
Long Blades    | 3 4 |  4.6
Fighting       | |  2.0
Armour         | |  0.8
Dodging        | |  1.1
Spellcasting   | |  2.5
Charms         | |  3.6

Action                   || total
-------------------------++-------
Melee: Falchion          ||    72
 Cast: Infusion          ||    12
  Use: Scroll            ||     2
       Potion            ||     1
Armor: Leather armour    ||    20
Dodge: Dodged            ||    42
       Rpst.: Falchion   ||    12

Table legend:
 A = Turns spent in this place as a percentage of turns spent in the entire game.
 B = Non-inter-level travel turns spent in this place as a percentage of non-inter-level travel turns spent in the entire game.
 C = Inter-level travel turns spent in this place as a percentage of turns spent in this place.
 D = Turns resting spent in this place as a percentage of non-inter-level travel turns spent in this place.
 E = Turns spent auto-exploring this place as a percentage of non-inter-level travel turns spent in this place.
 F = Non-inter-level travel turns spent in this place divided by the number of levels of this place that you've seen.
                   A       B       C       D       E      F
               +-------+-------+-------+-------+-------+----------------------
         Total | 100.0 | 100.0 |   0.0 |   0.0 |   0.0 | 185.7
       Dungeon | 100.0 | 100.0 |   0.0 |   0.0 |   0.0 | 185.7
               +-------+-------+-------+-------+-------+----------------------

Table legend:
 A = Kills in this place as a percentage of kills in entire the game.
 B = Kills by you in this place as a percentage of kills by you in the entire game.
 C = Kills by friends in this place as a percentage of kills by friends in the entire game.
 D = Other kills in this place as a percentage of other kills in the entire game.
 E = Experience gained in this place as a percentage of experience gained in the entire game.
 F = Experience gained in this place divided by the number of levels of this place that you have seen.
                   A       B       C       D       E      F
               +-------+-------+-------+-------+-------+----------------------
         Total | 100.0 | 100.0 |  -nan |  -nan | 100.0 |  21.7
       Dungeon | 100.0 | 100.0 |  -nan |  -nan | 100.0 |  21.7
               +-------+-------+-------+-------+-------+----------------------

Vault maps used:
D:1:      kennysheep_arrival_forest, st_stairs_5, minmay_domino_2
D:2:      nicolae_overflow_hidden_temple
D:3:      gammafunk_temple_overflow_elements, first_bread, uniq_grinder,
          uniq_sigmund
